 Dungeon Crawl Stone Soup version 0.19-GnollCrawlA-1-g03664ee (webtiles) character file.

970 ManMan the Vandal (level 1, 0/10 HPs)
             Began as a Spriggan Hunter on Sept 2, 2016.
             Was a Follower of Qazlal.
             Slain by a gnoll
             ... wielding a +0 spear
              (10 damage)
             ... on level 11 of the Dungeon.
             The game lasted 00:27:59 (8256 turns).

ManMan the Vandal (Spriggan Hunter)                 Turns: 8256, Time: 00:28:29

Health: 0/10       AC:  3    Str:  8    XL:     1   Next: 0%
Magic:  2/2        EV: 18    Int: 12    God:    Qazlal [*.....]
Gold:   378        SH:  2    Dex: 16    Spells: 0 memorised, 0 levels left

rFire  . . .     SeeInvis +     b - +0 spear (venom)
rCold  . . .     Gourm    .     c - +0 robe
rNeg   + . .     Faith    .     (shield currently unavailable)
rPois  .         Spirit   .     (helmet restricted)
rElec  .         Dismiss  .     e - +0 cloak
rCorr  .         Reflect  .     (gloves unavailable)
SustAt .         Harm     .     (boots unavailable)
MR     .....                    B - amulet of magic regeneration
Stlth  ++........               (no ring)
                                m - ring of positive energy

@: very quick
A: unfitting armour, see invisible, herbivore 3, speed 3, slow metabolism 2
a: Renounce Religion


You were on level 11 of the Dungeon.
You worshipped Qazlal.
Qazlal was aware of your devotion.
You were not hungry.

You visited 2 branches of the dungeon, and saw 14 of its levels.
You also visited: Sewer.

You collected 378 gold pieces.

Inventory:

Hand Weapons
 a - a +1 hunting sling
 b - a +0 spear of venom (weapon)
Missiles
 d - 65 sling bullets
 g - 102 stones (quivered)
Armour
 c - a +0 robe (worn)
 e - a +0 cloak (worn)
Jewellery
 m - a ring of positive energy (left hand)
 B - an amulet of magic regeneration (around neck)
Wands
 v - a wand of acid (8/15)
 x - a wand of paralysis (5/24)
 A - a wand of confusion (16/48)
Scrolls
 p - a scroll of recharging {unknown}
 s - a scroll of noise {unknown}
 t - a scroll of teleportation
 w - a scroll of amnesia {unknown}
 y - a scroll of fog {unknown}
 C - 4 scrolls of remove curse
 D - a scroll of blinking {unknown}
 G - a scroll of torment {unknown}
 I - a scroll of enchant weapon {unknown}
Potions
 h - 2 potions of lignification
 i - 4 potions of curing
 j - a potion of haste
 k - a potion of might
 l - a potion of heal wounds
 o - a potion of cancellation
 q - a potion of invisibility
 r - 2 potions of magic {unknown}
 u - 3 potions of flight {unknown}
 z - a potion of degeneration {unknown}
 F - a potion of cure mutation {unknown}
Books
 H - a book of Spatial Translocations

   Spells                             Type                      Level
   a - Apportation                    Translocation                1
   b - Blink                          Translocation                2
   c - Shroud of Golubria             Charms/Translocation         2
   d - Portal Projectile              Translocation                3
   e - Teleport Other                 Translocation                3
   f - Passage of Golubria            Translocation                4
Comestibles
 f - a bread ration
 n - 7 slices of pizza
 E - 12 fruits


   Skills:
 + Level 1.5 Fighting
 + Level 4.8 Slings
 + Level 3.0 Dodging
 + Level 1.5 Stealth


You couldn't memorise any spells.
You didn't know any spells.

Dungeon Overview and Level Annotations

Branches:
Dungeon (13/15)            Temple (1/1) D:2
   Lair: D:8-11         Orc: D:9-12      Vaults: D:13-14

Altars:
Ashenzari
Cheibriados
Dithmenos
Elyvilon
Gozag
Hepliaklqana
Kikubaaqudgha
Makhleb
Nemelex Xobeh
Okawaru
Pakellas
Qazlal
Ru
Vehumet
Zin

Shops:
D:6 [   D:8 *

Annotations:
D:4 exclusion: downstairs
D:7 exclusion: gnoll
D:8 exclusion: downstairs
D:10 exclusion: downstairs


Innate Abilities, Weirdness & Mutations

You are tiny and cannot use many weapons and most armour.
You have supernaturally acute eyesight. (SInv)
You are a herbivore.
You cover ground extremely quickly.
You need consume almost no food.


Message History

h - 2 potions of lignification (gained 1)
Found a scroll labeled YNYASA QERPHURY.
There is an escape hatch in the ceiling here.
I - a scroll labeled YNYASA QERPHURY
There is an escape hatch in the ceiling here.
Found a scroll of remove curse.
Found 11 gold pieces.
C - 4 scrolls of remove curse (gained 1)
You now have 378 gold pieces (gained 11).
There is an escape hatch in the ceiling here.
A mysterious force pulls you upwards. The hatch slams shut behind you.
Unknown command.
There is a stone staircase leading up here.
You climb upwards.
A gnoll comes into view. It is wielding a spear.
The gnoll shouts!
The gnoll completely misses you.
The gnoll hits you from afar with a spear!
Ouch! That really hurt!
You die...

... #### ##. ...# .
##...# #########....#
#....#.)....###
#..g.g.$......#
###..ยง.g........#
#.....@.........# .#
...............### ...
...........#g..######...
........................
................."......
..............g.........
...?.............g......
........................
..................


You could see 5 gnolls.

Vanquished Creatures
  97 gnolls
97 creatures vanquished.

Notes
Turn   | Place    | Note
-------+----------+-------------------------------------------
     0 | D:1      | ManMan the Spriggan Hunter began the quest for the Orb.
     0 | D:1      | Reached XP level 1. HP: 10/10 MP: 2/2
   458 | D:2      | Found a staircase to the Ecumenical Temple.
   510 | Temple   | Entered the Ecumenical Temple
  1044 | D:4      | Found a radiant altar of Vehumet.
  1261 | D:5      | Entered Level 5 of the Dungeon
  1591 | D:5      | Found a glowing drain.
  1602 | Sewer    | Entered a sewer
  2309 | Sewer    | Got a bloodstained quarterstaff
  2310 | Sewer    | Identified the cursed +2 quarterstaff of Anio {crush, rN+} (You found it in a sewer)
  2646 | D:6      | Found Vuemedeh's Antique Armour Boutique.
  3316 | D:6      | Found a stormy altar of Qazlal.
  3341 | D:6      | Became a worshipper of Qazlal Stormbringer
  3620 | D:7      | Found a burning altar of Makhleb.
  6233 | D:8      | Found Biumius's Assorted Antiques.
  6279 | D:9      | Reached * piety under Qazlal
  6323 | D:10     | Entered Level 10 of the Dungeon
  8256 | D:11     | Slain by a gnoll

Action                   || total
-------------------------++-------
Melee: Spear             ||    38
 Fire: Hunting sling     ||   625
Evoke: Wand              ||     3
  Use: Scroll            ||    10
       Potion            ||     1
 Stab: Paralysed         ||     3
       Sleeping          ||     1
Armor: Robe              ||     2
Dodge: Dodged            ||    20
